 Dungeon Crawl Stone Soup version 0.29-a0-333-gb4c28e87c6 (webtiles) character file.

Game seed: 18397005971160363891

568 Gerhazo the Conjurer (level 7, -1/51 HPs)
             Began as a Black Draconian Conjurer on Apr 13, 2022.
             Succumbed to a gnoll's poison
             ... on level 5 of the Dungeon.
             The game lasted 00:09:54 (3757 turns).

Gerhazo the Conjurer (Black Draconian Conjurer)     Turns: 3757, Time: 00:09:55

Health: -1/51      AC:  7    Str:  9    XL:     7   Next: 11%
Magic:  10/13      EV: 12    Int: 20    God:
Gold:   105        SH:  0    Dex: 10    Spells: 11/14 levels left

rFire   . . .      SeeInvis .   o - +3 flail
rCold   . . .      Faith    .   (no shield)
rNeg    . . .      Spirit   .   (body armour unavailable)
rPois   .          Reflect  .   (helmet restricted)
rElec   +          Harm     .   (no cloak)
rCorr   .          Rampage  .   (no gloves)
Will    .....                   l - +0 pair of boots
Stlth   ++........              (no amulet)
HPRegen 0.17/turn               (no ring)
MPRegen 0.13/turn               (no ring)

@: lethally poisoned (-1 -> -18), weak-willed
A: breathe lightning, AC +6, unfitting armour, electricity resistance,
cold-blooded
a: Breathe Lightning


You were on level 5 of the Dungeon.
You visited 1 branch of the dungeon, and saw 6 of its levels.

You collected 147 gold pieces.
You spent 42 gold pieces at shops.

Inventory:

Hand Weapons
 o - a +3 flail (weapon)
Missiles
 g - 2 boomerangs of dispersal
Armour
 l - a +0 pair of boots (worn)
Wands
 d - a wand of digging (8)
Scrolls
 b - a scroll of vulnerability
 e - a scroll of fog {unknown}
 h - a scroll of torment {unknown}
 k - 2 scrolls of teleportation {unknown}
 m - 2 scrolls of fear {unknown}
Potions
 a - a potion of magic
 c - a potion of degeneration {unknown}
 f - a potion of might {unknown}
 i - a potion of heal wounds {unknown}


   Skills:
 + Level 0.4 Fighting
 - Level 1.7 Dodging
 - Level 1.7 Stealth
 + Level 4.3 Spellcasting
 + Level 7.4 Conjurations
 + Level 0.4 Air Magic


You had 11 spell levels left.
You knew the following spells:

 Your Spells              Type           Power      Damage    Failure   Level
a - Magic Dart            Conj           100%       1d8       1%          1
b - Searing Ray           Conj           68%        2d6       1%          2

Your spell library contained the following spells:

 Spells                   Type           Power      Damage    Failure   Level
 Dazzling Flash           Conj/Hex       38%        N/A       9%          3
 Summon Small Mammal      Summ           16%        N/A       12%         1
 Mephitic Cloud           Conj/Pois/Air  14%        N/A       13%         3
 Call Imp                 Summ           4%         N/A       19%         2
 Fulminant Prism          Conj/Hex       9%         3d7       26%         4
 Iskenderun's Mystic Bla  Conj/Tloc      19%        2d6       26%         4
 Call Canine Familiar     Summ           4%         N/A       36%         3
 Summon Guardian Golem    Hex/Summ       4%         N/A       36%         3


Dungeon Overview and Level Annotations

Branches:
Dungeon (6/15)
 Temple: D:4-7

Altars:

Shops:
D:5 !


Innate Abilities, Weirdness & Mutations

You can breathe wild blasts of lightning.
Your glossy black scales are hard. (AC +6)
You cannot fit into any form of body armour.
You are resistant to electric shocks. (rElec)
You are cold-blooded and may be slowed by cold attacks.


Message History

You hear a shout! x2
Unknown command.
The gnoll misses you.
There is an open door here.
Things that are here:
a +0 club; 20 stones; 19 gold pieces The gnoll attacks as you move away!
The gnoll closely misses you.
Things that are here:
a +0 morningstar; a +0 chain mail; an orc corpse The gnoll attacks as you move away!
The gnoll hits you with a +0 flail.
The orc shouts!
There is a huge open gate here.
You feel better. The orc closely misses you.
The gnoll hits you with a +0 flail. The gnoll attacks as you move away!
The gnoll barely misses you. The orc hits you with a +0 mace.
The gnoll hits you from afar with a +0 spear of venom!
* * * LOW HITPOINT WARNING * * *
You are lethally poisoned!
The howler monkey hoots and howls with incredible vigour!
You hear a shout! x6
The gnoll attacks as you move away! The gnoll barely misses you.
* * * LOW HITPOINT WARNING * * *
You feel very sick. The howler monkey misses you.
The orc throws a boomerang.
The boomerang hits you but does no damage.
Okay, then.
As you read the scroll labelled TIRAPO YTIUC, it crumbles to dust.
Magic quickly surges around you.
It was a scroll of vulnerability.
You have got your breath back.
* * * LOW HITPOINT WARNING * * *
You feel sick. The orc barely misses you.
The howler monkey completely misses you.
The gnoll hits you from afar with a +0 spear of venom.
* * * LOW HITPOINT WARNING * * *
You are more poisoned.
The orc throws a boomerang.
The boomerang barely misses you.
As you read the scroll labelled OFURGH JOFIAJA, it crumbles to dust.
You feel aware of your surroundings.
It was a scroll of magic mapping.
You die...

#.* #.##..#....................#
*.* #.##..#.#.)####.[#########.#
*,* #.##...........))# #.# *,*
*,*##...##..####)####### #.# *,*
*,,.....*#).####.......# #.##
*,****####.###..#....#####.###...
,,,,,,................)..........
≈≈≈≈≈≈≈≈≈≈≈≈≈≈≈h....≈≈≈≈†≈≈≈≈≈≈≈≈
≈≈≈≈≈≈≈≈≈≈≈≈≈≈≈≈@...≈≈≈≈≈≈≈≈≈≈≈≈≈
****≈≈≈≈≈≈≈≈≈≈≈go...≈≈≈≈≈≈≈≈≈≈≈≈#
,,,*,,...........g..............#
,,,***##########''''#############
**'*,,,,.......#...o#...........#
,*,',,,,.......)...))...)....)..'
,*,*,,,,.......#....#...........#
,*,*****#########################
,*,,,,,,*,',,,,,,,go.....',#.....


You could see a howler monkey (weak-willed), 2 gnolls and 2 orcs.

Vanquished Creatures
  2 scorpions (D:5)
  3 hounds
  An orc priest (D:5)
  A jelly (D:5)
  2 iguanas
  2 orc wizards (D:5)
  13 gnolls (D:5)
  A white imp (D:4)
  An ufetubus (D:4)
  2 dart slugs
  8 orcs (D:5)
  3 bats (D:1)
  4 endoplasms
  A giant cockroach (D:1)
  2 goblins
  A hobgoblin (D:4)
  7 jackals (D:5)
  2 kobolds (D:4)
  3 quokkas
  3 ball pythons
62 creatures vanquished.

Vanquished Creatures (others)
  A fungus (D:5)
  4 plants (D:5)
5 creatures vanquished.

Grand Total: 67 creatures vanquished

Notes
Turn   | Place    | Note
-------+----------+-------------------------------------------
     0 | D:1      | Gerhazo the Draconian Conjurer began the quest for the Orb.
     0 | D:1      | Reached XP level 1. HP: 14/14 MP: 3/3
   324 | D:1      | Reached XP level 2. HP: 17/20 MP: 1/5
   380 | D:1      | Learned a level 2 spell: Searing Ray
   869 | D:4      | Reached skill level 5 in Conjurations
   869 | D:4      | Reached XP level 3. HP: 6/26 MP: 0/7
  1222 | D:4      | Reached XP level 4. HP: 33/33 MP: 4/8
  1870 | D:5      | Entered Level 5 of the Dungeon
  2129 | D:5      | Noticed a scorpion
  2165 | D:5      | Killed a scorpion
  2166 | D:5      | Reached skill level 6 in Conjurations
  2166 | D:5      | Reached XP level 5. HP: 29/38 MP: 1/10
  2584 | D:5      | Reached XP level 6. HP: 45/45 MP: 3/11
  2682 | D:5      | Found Mebiof's Distillery.
  2685 | D:5      | Bought a potion of curing for 42 gold pieces
  3498 | D:5      | Reached skill level 7 in Conjurations
  3722 | D:5      | Your scales start taking on a glossy black colour.
  3722 | D:5      | Reached XP level 7. HP: 32/50 MP: 8/13
  3722 | D:5      | Gained mutation: You are resistant to electric shocks.
                  | (rElec) [Black Draconian growth]
  3757 | D:5      | Succumbed to a gnoll's poison

Illustrated notes

Levels and vault maps discovered:
D:1:      erik_arrival_cave_to_civilisation [erik_arrival_cave_to_temple],
          layout_basic, ebering_ecumenical_altar_sacrificial
D:2:      cheibrodos_helix_gallery, layout_basic, serial_shops, shop,
          uniq_natasha
D:3:      layout_loops_cross, minmay_misc_feat_tower
D:4:      layout_loops_ring
D:5:      lemuel_castle_with_subvaults [lemuel_castle_interior_carwin_1],
          layout_loops_ring, serial_shops, kennysheep_mini_moat
D:6:      minmay_flawed_box, layout_layer_cave,
          minmay_temple_entry_statues_pillars

Skill      XL: |  1  2  3  4  5  6 |
---------------+-------------------+-----
Conjurations   | 5 6 7 |  7.4
Spellcasting   | 3 4 |  4.3
Fighting       | |  0.4
Dodging        | |  1.7
Stealth        | |  1.7
Air Magic      | |  0.4

Action                   |  1- 3 |  4- 6 |  7- 9 || total
-------------------------+-------+-------+-------++-------
Melee: Mace              |       |    17 |       ||    17
       Flail             |       |     3 |       ||     3
       Tailslap          |       |     1 |       ||     1
 Cast: Magic Dart        |    19 |     1 |       ||    20
       Searing Ray       |    14 |    41 |     1 ||    56
 Abil: Breathe Lightning |       |       |     2 ||     2
  Use: Scroll            |       |       |     2 ||     2
       Potion            |       |       |     1 ||     1
Armor: Skin              |    12 |    19 |     2 ||    33
Dodge: Dodged            |    42 |    39 |    11 ||    92

Table legend: (Time is in decaauts)
 A = Elapsed time spent in this place.
 B = Non-inter-level travel time spent in this place.
 C = Inter-level travel time spent in this place.
 D = Time resting spent in this place.
 E = Time spent auto-exploring this place.
 F = Levels seen in this place.
 G = Mean time per level.
                   A        B        C        D        E       F      G
               +--------+--------+--------+--------+--------+-----+--------+
         Total |   3768 |   3719 |     49 |   1505 |   1257 |   6 |  628.0 |
       Dungeon |   3768 |   3719 |     49 |   1505 |   1257 |   6 |  628.0 |
               +--------+--------+--------+--------+--------+-----+--------+

Top non-repeatable levels by time:
     D:4: 1477 daAuts
     D:5: 1449 daAuts
     D:1: 455 daAuts
     D:6: 295 daAuts
     D:2: 79 daAuts
     D:3: 11 daAuts
